 Dungeon Crawl Stone Soup version 0.32-a0-913-g739538a (webtiles) character file.

Game seed: 15049837333528409076

274664 jongho1212 the Acrobat (level 20, -1/174 (183) HPs)
             Began as a Merfolk Gladiator on Apr 6, 2024.
             Was an Initiate of Gozag.
             Slain by a +2 long sword of electrocution (11 damage)
             ... animated by Zenata
             ... on level 2 of the Vaults on Apr 7, 2024.
             The game lasted 01:36:17 (34320 turns).

jongho1212 the Acrobat (Merfolk Gladiator)         Turns: 34320, Time: 01:36:17

HP:   -1/174 (183)  AC: 18    Str: 22    XL:     20   Next: 5%
MP:   20/20         EV: 18    Int: 11    God:    Gozag
Gold: 5070          SH:  0    Dex: 19    Spells: 19/19 levels left

rFire   + + .        a - +9 bardiche (venom)
rCold   + + .        (shield currently unavailable)
rNeg    . . .        e - +1 plate armour {Will+}
rPois   +            N - +0 helmet
rElec   .            A - scarf {rC+ rF+}
rCorr   .            t - +0 pair of gloves {Dex+3}
SInv    .            j - +0 pair of boots "Lessu" {rF+ rC+ Int+3}
Will    ++...        Y - amulet of Vitality {Regen++ RegenMP++} Stlth
                     K - +4 ring of protection
HPRegen 2.09/turn    T - ring of poison resistance
MPRegen 0.97/turn

%: no passive effects
@: gold aura, lightly drained
A: (nimble swimmer 2), mertail
}: 2/15 runes: serpentine, barnacled
a: Renounce Religion, Potion Petition, Call Merchant, Bribe Branch


You were on level 2 of the Vaults.
You worshipped Gozag.
Gozag was greatly pleased with you.
You visited 6 branches of the dungeon, and saw 32 of its levels.
You visited 1 bazaar.
You also visited: Sewer and Bailey.

You collected 15070 gold pieces.
You spent 3670 gold pieces at shops.
You paid 6330 gold pieces to Gozag.

Inventory:

Hand Weapons
 a - a +9 bardiche of venom (weapon)
 b - a +2 halberd of flaming
Missiles
 d - 9 curare-tipped darts (quivered)
 R - 10 throwing nets
Armour
 e - a +1 plate armour of willpower (worn)
 j - the +0 pair of boots "Lessu" (worn) {rF+ rC+ Int+3}
   (You bought it in a shop on level 15 of the Dungeon)

   Int+3:     It affects your intelligence (+3).
   rF+:       It protects you from fire.
   rC+:       It protects you from cold.
 t - a +0 pair of gloves of dexterity (worn)
 A - a scarf of resistance (worn)
 N - a +0 helmet (worn)
Jewellery
 K - a +4 ring of protection (left hand)
 T - a ring of poison resistance (right hand)
 Y - the amulet of Vitality (around neck) {Regen++ RegenMP++}
   (You found it on level 3 of the Lair of Beasts)

   [amulet of nothing]

   Regen++:   It increases your rate of health regeneration.
   RegenMP++: It increases your rate of magic regeneration.
Wands
 c - a wand of mindburst (4)
 h - a wand of flame (55)
 q - a wand of acid (8)
 x - a wand of paralysis (37)
 y - a wand of iceblast (47)
 I - a wand of polymorph (18)
Scrolls
 f - 2 scrolls of butterflies
 g - 15 scrolls of teleportation
 i - 9 scrolls of fog
 l - 7 scrolls of fear
 u - 5 scrolls of immolation
 F - 6 scrolls of poison
 L - 8 scrolls of blinking
 P - 5 scrolls of vulnerability
 Q - 14 scrolls of identify
 U - 4 scrolls of revelation
 X - a scroll of silence
Potions
 k - 3 potions of brilliance
 m - 7 potions of attraction
 p - 2 potions of heal wounds
 r - 14 potions of haste
 s - 5 potions of magic
 v - 8 potions of lignification
 w - a potion of berserk rage
 B - 14 potions of curing
 C - 3 potions of cancellation
 D - 4 potions of invisibility
 E - 5 potions of might
 H - 15 potions of ambrosia
 O - 4 potions of resistance
 S - 3 potions of enlightenment
Miscellaneous
 M - a condenser vane (inert)


   Skills:
 + Level 22.3 Fighting
 - Level 24.0 Polearms
 - Level 2.0 Throwing
 - Level 26.0 Dodging
 - Level 9.0 Evocations


You had 19 spell levels left.
You didn't know any spells.
Your spell library contained the following spells:

 Spells                   Type           Power      Damage    Failure   Level
 Foxfire                  Conj/Fire      0%         2x1d4     100%        1
 Shock                    Conj/Air       0%         1d3       100%        1
 Sting                    Conj/Alch      0%         1d3       100%        1
 Cigotuvi's Dreadful Rot  Necr/Alch/Air  0%         N/A       100%        2
 Jinxbite                 Hex            0%         N/A       100%        2
 Scorch                   Fire           0%         2d5       100%        2
 Call Canine Familiar     Summ           0%         N/A       100%        3
 Frozen Ramparts          Ice            0%         1d1       100%        3
 Fugue of the Fallen      Necr           0%         N/A       100%        3
 Ozocubu's Armour         Ice            0%         N/A       100%        3
 Passwall                 Erth           0%         N/A       100%        3
 Sigil of Binding         Hex            0%         N/A       100%        3
 Swiftness                Air            0%         N/A       100%        3
 Tukima's Dance           Hex            0%         N/A       100%        3
 Volatile Blastmotes      Fire/Tloc      0%         2d10      100%        3
 Airstrike                Air            0%         2d(0-16)  100%        4
 Anguish                  Hex/Necr       0%         N/A       100%        4
 Cause Fear               Hex            0%         N/A       100%        4
 Dimensional Bullseye     Hex/Tloc       0%         N/A       100%        4
 Flame Wave               Conj/Fire      0%         2d4       100%        4
 Ignite Poison            Fire/Alch      0%         N/A       100%        4
 Iskenderun's Mystic Bla Conj/Tloc 0%             2d3        (+2d1     100%        4
 Petrify                  Alch/Erth      0%         N/A       100%        4
 Summon Blazeheart Golem  Fire/Summ      0%         N/A       100%        4
 Vhi's Electric Charge    Tloc/Air       0%         N/A       100%        4
 Fireball                 Conj/Fire      0%         3d3       100%        5
 Freezing Cloud           Conj/Ice/Air   0%         6-21      100%        5
 Metabolic Englaciation   Hex/Ice        0%         N/A       100%        5
 Yara's Violent Unravell  Hex/Alch       0%         3d3       100%        5
 Bombard                  Conj/Erth      0%         9d1       100%        6
 Plasma Beam              Fire/Air       0%         2x1d10    100%        6
 Starburst                Conj/Fire      0%         6d3       100%        6
 Summon Cactus Giant      Summ           0%         N/A       100%        6
 Enfeeble                 Hex            0%         N/A       100%        7
 Haunt                    Necr/Summ      0%         N/A       100%        7
 Manifold Assault         Tloc           0%         N/A       100%        7
 Orb of Destruction       Conj           0%         9d5       100%        7
 Spellforged Servitor     Conj/Summ      0%         N/A       100%        7
 Infestation              Necr           0%         N/A       100%        8
 Animate Dead             Necr           Unusable   N/A       N/A         4

Dungeon Overview and Level Annotations

Branches:
Dungeon (15/15)            Temple (0/1) D:7            Lair (5/5) D:8
 Shoals (4/4) Lair:2        Snake (4/4) Lair:3        Slime (0/5) Lair:4
    Orc (2/2) D:10            Elf (0/3) Orc:2        Vaults (1/5) D:14
 Depths (0/4) D:15          Sewer (visited)          Bailey (visited)

Altars:
Cheibriados
Gozag
Kikubaaqudgha
Okawaru
Ru
Sif Muna
Uskayaw
Xom

Shops:
D:2 :   D:4 :=[   D:15 (*[?[[*   Orc:2 *?!(   Shoals:1 :

Annotations:
Shoals:4 2 transporters, Aorika's ghost, adept MDFi
Snake:1 3 runed translucent doors, Izeluntu's ghost, adept DsIE; Othebb's ghost, adept BaAr
Vaults:2 Zenata


Innate Abilities, Weirdness & Mutations

((You are very nimble when in or above water. (Stealth+, EV+, Speed+++)))
Your lower body shifts to a powerful aquatic tail in water.


Message History

* * * LOW HITPOINT WARNING * * *
The +5 long sword of holy wrath barely misses you.
Zenata sends weapons flying into battle! 19의 피해를 받았습니다. 현재 남은 체력은 [86/175] 입니다.
You slice Zenata!!
Zenata looks as sick as possible!
Zenata is severely wounded.
The +1 mace of holy wrath hits you!
* * * LOW HITPOINT WARNING * * *
The +5 long sword of holy wrath hits you!!
* * * LOW HITPOINT WARNING * * *
The +2 long sword of electrocution hits you but does no damage.
The +5 long sword of holy wrath hits you!
* * * LOW HITPOINT WARNING * * *
The +1 mace of holy wrath completely misses you. 34의 피해를 받았습니다. 현재 남은 체력은 [52/175] 입니다.
Clouds condense from the air!
The condenser dries out!
The +5 short sword of draining is no longer distracted by gold.
The +5 short sword of draining is engulfed in blazing flames.
The +5 short sword of draining closely misses you.
The +3 vampiric trident is engulfed in freezing vapours.
The +3 vampiric trident closely misses you.
The +2 trident of venom hits you from afar.
* * * LOW HITPOINT WARNING * * *
The +2 long sword of electrocution hits you but does no damage.
You are electrocuted!
* * * LOW HITPOINT WARNING * * *
The +5 short sword of draining is engulfed in blazing flames.
The +5 short sword of draining hits you but does no damage.
You feel drained.
The +3 vampiric trident is engulfed in freezing vapours.
The +3 vampiric trident hits you from afar!
* * * LOW HITPOINT WARNING * * *
The +1 mace of holy wrath hits you.
* * * LOW HITPOINT WARNING * * *
The +5 long sword of holy wrath hits you!
* * * LOW HITPOINT WARNING * * *
The +2 trident of venom closely misses you.
The +2 long sword of electrocution hits you!
You die...
Your body crumbles into a pile of gold.

#################
.................
.................
........§.§......
.......$§(..§....
......$.@a(c.....
......§((((§§....
......§§§§§§.....
.................
#+#########......
.#### #


You could see Zenata (extremely poisoned), a yaktaur and 6 dancing weapons.

Vanquished Creatures
  Jorgrun (Orc:2)
  Rupert (D:15)
  3 krakens
  A sphinx (Vaults:1)
  Polyphemus (Shoals:4)
  Kirke (Lair:4)
  Donald (Shoals:3)
  4 nagarajas
  3 vault wardens (Vaults:1)
  A frost giant (Shoals:4)
  An orc warlord (Vaults:1)
  An ironbound preserver (Vaults:1)
  2 ironbound thunderhulks
  A formless jellyfish (Shoals:4)
  10 dire elephants
  Azrael (D:14)
  4 merfolk javelineers (Shoals:4)
  13 merfolk impalers
  A spectral kraken (Shoals:2)
  An entropy weaver (shapeshifter) (D:15)
  2 fire dragons (D:15)
  6 salamander tyrants
  The ghost of Shrooty the Cleaver, a journeyman MDFi of Beogh (Orc:1)
  Josephine (D:13)
  2 great orbs of eyes (Vaults:1)
  An ice dragon (D:10)
  A vault guard (Vaults:1)
  5 hydras
  2 ghost crabs (Shoals:2)
  2 ironbound frosthearts (Vaults:1)
  2 ogre magi (D:14)
  Erolcha (D:9)
  3 merfolk avatars
  Erica (D:9)
  4 merfolk aquamancers
  2 alligator snapping turtles
  8 two-headed ogres
  14 anacondas
  10 centaur warriors
  A satyr (Shoals:3)
  2 catoblepae
  3 tengu warriors
  7 death yaks
  15 naga sharpshooters
  8 shock serpents
  4 orc high priests
  Sonja (D:13)
  10 naga warriors
  8 skeletal warriors
  10 skysharks
  Amaemon (D:9)
  8 salamander mystics
  15 sea snakes
  9 naga ritualists
  A kraken simulacrum (Shoals:4)
  4 deep trolls (Vaults:1)
  11 mana vipers
  2 arcanists
  A lindwurm (Lair:5)
  11 harpies
  2 deep elf pyromancers
  2 ironbound convokers (Vaults:1)
  5 ugly things
  An oklob plant (Lair:4)
  14 orc knights
  18 salamanders
  6 orc sorcerers
  13 manticores
  6 cyclopes
  A spectral alligator snapping turtle (Shoals:2)
  The ghost of znke the Grappler, a novice TrMo (D:5)
  5 fauns
  27 elephants
  2 water nymphs
  6 guardian serpents
  A vault sentinel (Vaults:1)
  5 kobold blastminers
  8 merfolk sirens
  A torpor snail (Lair:3)
  9 naga magi
  31 black mambas
  8 cane toads
  2 gargoyles
  An orange demon (D:9)
  3 centaur skeletons (D:14)
  3 kobold demonologists
  5 rime drakes
  A spectral sea snake (Shoals:2)
  10 komodo dragons
  Maggie (Lair:2)
  2 unseen horrors
  7 yaktaurs
  2 tengu conjurers (D:13)
  A freezing wraith (D:15)
  A spectral water nymph (Shoals:2)
  A queen bee (Lair:1)
  2 spectral harpies (Shoals:2)
  34 merfolk
  A spectral merfolk (Shoals:2)
  6 trolls
  10 wind drakes
  11 snapping turtles
  A spectral manticore (Shoals:2)
  16 blink frogs
  17 water elementals
  10 dream sheep
  3 slime creatures (D:15)
  59 yaks
  A shadow (D:10)
  8 basilisks
  6 wyverns
  A warg (Orc:2)
  13 wraiths
  4 fire elementals (D:14)
  2 hogs (Lair:4)
  7 vampire mosquitoes
  36 nagas
  3 hell hounds (D:14)
  28 orc warriors
  18 water moccasins
  An ice beast (D:7)
  2 sky beasts
  2 laughing skulls (D:13)
  9 ogres
  3 black bears
  11 wolves
  3 boggarts (D:14)
  14 centaurs
  4 kobold brigands
  20 bullfrogs
  A gnoll sergeant (D:5)
  3 scorpions
  12 wights
  A burial acolyte (D:6)
  36 killer bees
  5 howler monkeys
  3 jellies
  A bombardier beetle (D:5)
  A bullfrog zombie (D:5)
  26 orc priests
  4 hounds
  Jessica (D:2)
  Ijyb (D:3)
  2 iguanas
  29 orc wizards
  A boggart skeleton (D:14)
  A hound zombie (D:6)
  A boggart simulacrum (D:14)
  5 gnolls (D:5)
  A howler monkey skeleton (D:5)
  12 adders
  8 river rats
  2 shadow imps (D:6)
  2 ufetubi (D:5)
  2 adder zombies (D:6)
  6 dart slugs
  4 ribbon worms
  87 orcs
  14 endoplasms
  4 giant cockroaches
  2 gnoll zombies (D:6)
  10 hobgoblins
  44 kobolds
  2 quokkas
  12 ball pythons
  2 bats
  5 frilled lizards
  12 goblins
  2 kobold zombies (D:6)
  28 rats
  11 tentacles
1236 creatures vanquished.

Vanquished Creatures (others)
  A manticore (Lair:2)
  An orc wizard (Orc:2)
  27 tentacles
29 creatures vanquished.

Grand Total: 1265 creatures vanquished

Notes
Turn   | Place    | Note
-------+----------+-------------------------------------------
     0 | D:1      | jongho1212 the Merfolk Gladiator began the quest for the
                  | Orb.
     0 | D:1      | Reached XP level 1. HP: 16/16 MP: 1/1
   192 | D:1      | Reached XP level 2. HP: 15/22 MP: 2/2
   316 | D:1      | Reached skill level 5 in Polearms
   661 | D:2      | Reached XP level 3. HP: 25/27 MP: 3/3
   784 | D:2      | Noticed Jessica
   785 | D:2      | Killed Jessica
   786 | D:2      | Reached XP level 4. HP: 31/33 MP: 4/4
  1022 | D:2      | Found Uxzyz's Book Boutique.
  1067 | D:2      | Identified the +7 chain mail of True Grit {*Slow Regen+
                  | rCorr Dex+5}
  1097 | D:2      | Identified the +1 robe of Patterns {rElec rPois Str+5}
  1393 | D:2      | Reached XP level 5. HP: 38/38 MP: 5/5
  1570 | D:3      | Noticed Ijyb
  1571 | D:3      | Found an opulent altar of Gozag.
  1574 | D:3      | Became a worshipper of Gozag Ym Sagoz the Greedy
  1594 | D:3      | Killed Ijyb
  1996 | D:3      | Reached XP level 6. HP: 43/44 MP: 6/6
  2117 | D:3      | Found a shimmering blue altar of Sif Muna.
  2402 | D:4      | Found Rucrui's Antique Armour Shop.
  2422 | D:4      | Bought a runed scarf for 176 gold pieces
  2459 | D:4      | Found Sautwit's Jewellery Emporium.
  2499 | D:4      | Noticed a sky beast
  2511 | D:4      | Killed a sky beast
  2512 | D:4      | Reached skill level 10 in Polearms
  2512 | D:4      | Reached XP level 7. HP: 43/50 MP: 7/7
  2608 | D:4      | Found a glowing drain.
  2622 | Sewer    | Entered a sewer
  3255 | D:4      | Found Ekym Beu's Book Boutique.
  3553 | D:5      | Entered Level 5 of the Dungeon
  3650 | D:4      | Reached XP level 8. HP: 42/56 MP: 8/8
  4270 | D:5      | Found a snail-covered altar of Cheibriados.
  4278 | D:5      | Found a runed translucent gate.
  4284 | D:5      | Found a runed translucent gate.
  4285 | D:5      | Found a runed translucent gate.
  4290 | D:5      | Noticed znke's ghost (novice TrMo)
  4724 | D:6      | Found a shimmering altar of Xom.
  4803 | D:6      | Found an ancient bone altar of Kikubaaqudgha.
  4828 | D:6      | Reached XP level 9. HP: 61/61 MP: 9/9
  5139 | D:6      | Found an iron altar of Okawaru.
  5230 | D:6      | Reached skill level 15 in Polearms
  5312 | D:7      | Found a sacrificial altar of Ru.
  6066 | D:7      | Found a staircase to the Ecumenical Temple.
  6145 | D:8      | Reached skill level 5 in Dodging
  6350 | D:8      | Reached skill level 6 in Dodging
  6387 | D:8      | Reached skill level 7 in Dodging
  6407 | D:8      | Found a staircase to the Lair.
  6427 | D:8      | Reached XP level 10. HP: 57/73 MP: 10/10
  6452 | D:8      | Reached skill level 8 in Dodging
  6530 | D:8      | Reached skill level 5 in Fighting
  6577 | D:8      | Reached skill level 9 in Dodging
  7071 | D:9      | Noticed Erica
  7083 | D:9      | Killed Erica
  7138 | D:9      | Noticed Amaemon
  7138 | D:9      | Noticed an orange demon
  7151 | D:9      | Killed Amaemon
  7159 | D:9      | Killed an orange demon
  7538 | D:9      | Noticed a two-headed ogre
  7545 | D:9      | Killed a two-headed ogre
  7546 | D:9      | Reached skill level 5 in Evocations
  7546 | D:9      | Reached XP level 11. HP: 89/89 MP: 11/11
  7810 | D:9      | Noticed Erolcha
  7816 | D:9      | Killed Erolcha
  7885 | D:10     | Entered Level 10 of the Dungeon
  7955 | D:10     | Noticed a two-headed ogre
  7966 | D:10     | Killed a two-headed ogre
  7984 | D:10     | Found a staircase to the Orcish Mines.
  8158 | D:10     | Noticed a sixfirhy
  8603 | D:10     | Found a flagged portal.
  8615 | Bailey   | Entered a bailey
  8730 | Bailey   | Reached skill level 10 in Fighting
  8730 | Bailey   | Reached skill level 13 in Dodging
  8730 | Bailey   | Reached XP level 12. HP: 99/99 MP: 12/12
  9061 | D:10     | Noticed an ice dragon
  9220 | D:10     | Found a hide-covered altar of Uskayaw.
  9318 | Lair:1   | Entered Level 1 of the Lair of Beasts
  9347 | D:8      | Reached XP level 13. HP: 100/106 MP: 13/13
  9356 | Lair:1   | Reached skill level 14 in Dodging
  9480 | Lair:1   | Identified the +0 flail of Starshine {speed, rF- MP+9
                  | Int+10 Stlth-}
  9706 | Lair:1   | Reached skill level 15 in Dodging
 10152 | Lair:1   | Reached skill level 16 in Dodging
 10722 | Lair:2   | Found a staircase to the Shoals.
 10793 | Lair:2   | Noticed Maggie
 10802 | Lair:2   | Killed Maggie
 11113 | Lair:2   | Reached skill level 17 in Dodging
 11508 | Lair:3   | Identified the +4 short sword "Muvan" {drain, rF+ Int+2
                  | Dex+7 Stlth-}
 11573 | Lair:3   | Found a staircase to the Snake Pit.
 12274 | Lair:3   | Reached XP level 14. HP: 118/118 MP: 14/14
 12307 | Lair:3   | Noticed a dire elephant
 12309 | Lair:3   | Found the amulet of Vitality {Regen++ RegenMP++}
 12316 | Lair:3   | Reached skill level 18 in Dodging
 12342 | Lair:3   | Killed a dire elephant
 13144 | Lair:4   | Noticed Kirke
 13160 | Lair:4   | Noticed a sphinx
 13250 | Lair:4   | Killed Kirke
 13251 | Lair:4   | Reached skill level 15 in Fighting
 13914 | Lair:4   | Found a staircase to the Slime Pits.
 13978 | Lair:5   | Entered Level 5 of the Lair of Beasts
 14685 | Lair:5   | Reached XP level 15. HP: 134/134 MP: 15/15
 15721 | Orc:1    | Entered Level 1 of the Orcish Mines
 15886 | Orc:1    | Found a large runed translucent door.
 15929 | Orc:1    | Found a large runed translucent door.
 15932 | Orc:1    | Noticed Shrooty's ghost (journeyman MDFi)
 16356 | Orc:2    | Entered Level 2 of the Orcish Mines
 16671 | Orc:2    | Noticed Jorgrun
 16750 | Orc:2    | Killed Jorgrun
 16797 | Orc:2    | Paralysed by an orc sorcerer for 2 turns
 16807 | Orc:2    | Paralysed by an orc sorcerer for 2 turns
 17058 | Orc:2    | Found Hicojedgh's Weapon Boutique.
 17058 | Orc:2    | Found Ownioff's Distillery.
 17059 | Orc:2    | Found Beujaos's Magic Scroll Emporium.
 17059 | Orc:2    | Found Ehaaj's General Store.
 17069 | Orc:2    | Bought a scroll of revelation for 97 gold pieces
 17069 | Orc:2    | Bought a scroll of immolation for 52 gold pieces
 17069 | Orc:2    | Bought a scroll of blinking for 97 gold pieces
 17069 | Orc:2    | Bought a scroll of enchant armour for 97 gold pieces
 17069 | Orc:2    | Bought a scroll of teleportation for 39 gold pieces
 17069 | Orc:2    | Bought a scroll of identify for 26 gold pieces
 17069 | Orc:2    | Bought a scroll of identify for 26 gold pieces
 17069 | Orc:2    | Bought a scroll of identify for 26 gold pieces
 17080 | Orc:2    | Bought 2 potions of mutation for 240 gold pieces
 17080 | Orc:2    | Bought a potion of berserk rage for 75 gold pieces
 17082 | Orc:2    | Bought a potion of heal wounds for 75 gold pieces
 17082 | Orc:2    | Bought 3 potions of ambrosia for 360 gold pieces
 17082 | Orc:2    | Bought a potion of curing for 45 gold pieces
 17325 | Orc:2    | Found a staircase to the Elven Halls.
 19106 | D:13     | Identified the +4 hand axe "Maviu" {flame, rC+ Will+ Int+3}
 19496 | D:13     | Noticed Josephine
 19570 | D:13     | Killed Josephine
 19675 | D:13     | Noticed Sonja
 19679 | D:13     | Killed Sonja
 19867 | D:13     | Identified the +3 scale mail of Hepliaklqana, Lusting
                  | {^Contam Harm Dex+7}
 19912 | D:12     | Reached XP level 16. HP: 45/123 MP: 16/16
 20372 | D:14     | Noticed Azrael
 20400 | D:14     | Killed Azrael
 21056 | D:14     | Found a gate to the Vaults.
 21285 | D:15     | Entered Level 15 of the Dungeon
 21331 | D:14     | Identified a scroll of acquirement
 21332 | D:14     | Acquired a +2 halberd of flaming
 21451 | D:14     | Paralysed by an ogre mage for 3 turns
 22012 | D:15     | Noticed Rupert
 22018 | D:15     | Paralysed by Rupert for 5 turns
 22031 | D:15     | Killed Rupert
 22114 | D:15     | Found a staircase to the Depths.
 22448 | D:15     | Bought a glowing bardiche for 300 gold pieces
 22472 | D:15     | Bought a pair of spiked boots for 389 gold pieces
 22472 | D:15     | Identified the +0 pair of boots "Lessu" {rF+ rC+ Int+3}
                  | (You bought it in a shop on level 15 of the Dungeon)
 22472 | D:15     | Bought a distressingly furry scarf for 410 gold pieces
 22472 | D:15     | Identified the scarf of Elitism {shadows, rPois Str+4} (You
                  | bought it in a shop on level 15 of the Dungeon)
 22514 | D:15     | Bought a potion of heal wounds for 170 gold pieces
 22514 | D:15     | Bought a potion of ambrosia for 272 gold pieces
 22523 | D:15     | Bought a scroll of teleportation for 54 gold pieces
 22523 | D:15     | Bought a scroll of blinking for 135 gold pieces
 23240 | Snake:1  | Entered Level 1 of the Snake Pit
 23643 | Snake:1  | Found a runed translucent gate.
 23643 | Snake:1  | Found a runed translucent gate.
 23644 | Snake:1  | Found a runed translucent gate.
 23648 | Snake:1  | Noticed Izeluntu's ghost (adept DsIE)
 23648 | Snake:1  | Noticed Othebb's ghost (adept BaAr)
 23783 | Snake:1  | Reached XP level 17. HP: 149/149 MP: 17/17
 24216 | Snake:2  | Reached skill level 19 in Dodging
 24752 | Snake:2  | Reached skill level 20 in Dodging
 26031 | Snake:4  | Entered Level 4 of the Snake Pit
 26151 | Snake:4  | Reached skill level 21 in Dodging
 26161 | Snake:4  | HP: 4/153 [naga ritualist/splash of poison (8)]
 26953 | Snake:4  | Reached XP level 18. HP: 126/160 MP: 18/18
 27002 | Snake:4  | HP: 7/160 [naga sharpshooter/arrow (17)]
 27134 | Snake:4  | Reached skill level 22 in Dodging
 27472 | Snake:4  | Got a serpentine rune of Zot
 27868 | D:15     | Bought a scroll of blinking for 157 gold pieces
 27868 | D:15     | Bought a scroll of blinking for 157 gold pieces
 27868 | D:15     | Bought a scroll of fog for 84 gold pieces
 27868 | D:15     | Bought a scroll of teleportation for 63 gold pieces
 28098 | Shoals:1 | Entered Level 1 of the Shoals
 28307 | Shoals:1 | Found Quacs's Vocational Training.
 28449 | Shoals:1 | Identified the +1 dagger of Resourcefulness {flame, Str+3}
 28656 | Shoals:1 | Reached skill level 23 in Dodging
 30222 | Shoals:3 | Found a flickering gateway to a bazaar.
 30234 | Bazaar   | Entered a bazaar
 30234 | Bazaar   | Found Abytev's Weapon Shop.
 30234 | Bazaar   | Found Behanom's Jewellery Boutique.
 30266 | Bazaar   | Found Woewusoc's Book Emporium.
 30281 | Bazaar   | Found Acug's Book Shoppe.
 30295 | Bazaar   | Found Dylul's General Store.
 30303 | Bazaar   | Bought a scroll of fog for 48 gold pieces
 30432 | Shoals:3 | Reached skill level 24 in Dodging
 30610 | Shoals:3 | Reached XP level 19. HP: 54/170 MP: 19/19
 31184 | Shoals:4 | Entered Level 4 of the Shoals
 31281 | Shoals:4 | Noticed Donald
 31292 | Shoals:3 | Killed Donald
 31445 | Shoals:4 | Got the Secrets of Scorching Calcination
 31623 | Shoals:4 | Identified the +11 long sword "Sitaku" {pain, rF++ Dex+3}
 31740 | Shoals:4 | Found a transporter.
 31775 | Shoals:4 | Found a transporter.
 31776 | Shoals:4 | Noticed Aorika's ghost (adept MDFi)
 31813 | Shoals:4 | Reached skill level 25 in Dodging
 32161 | Shoals:4 | Noticed Polyphemus
 32214 | Shoals:4 | Killed Polyphemus
 32339 | Shoals:4 | Got an azure gem
 32341 | Shoals:4 | Got a barnacled rune of Zot
 32590 | D:5      | Killed znke's ghost
 32833 | Orc:1    | Killed Shrooty's ghost
 33139 | Vaults:1 | Entered Level 1 of the Vaults
 33316 | Vaults:1 | Reached skill level 26 in Dodging
 34067 | Vaults:1 | Reached XP level 20. HP: 108/182 MP: 20/20
 34071 | Vaults:1 | HP: 5/182 [orc knight/+1 glaive (18)]
 34156 | D:14     | Upgraded the game from 0.32-a0-909-gc671339 to
                  | 0.32-a0-913-g739538a
 34305 | Vaults:1 | You fall into a shaft and drop 1 floor!
 34305 | Vaults:2 | Noticed Zenata
 34320 | Vaults:2 | Slain by a +2 long sword of electrocution

Illustrated notes

Levels and vault maps discovered:
D:1:      sevenhm_arrival_forest_fort_large_4, layout_basic
D:2:      layout_loops_ring, serial_shops, shop, minmay_joined_circles,
          uniq_jessica
D:3:      cheibrodos_fertilizer, layout_rooms, nicolae_sif_muna_condensation,
          mainiacjoe_overflow_brackets, uniq_ijyb
D:4:      layout_gridville, serial_shops, nicolae_shop_trees, shop, shop,
          lightli_sewer_entry_pipes, chequers_jeans, kennysheep_nondescript,
          kennysheep_doodads, minivault_27
D:5:      layout_loops_corners, overflow_temple_1_default,
          gammafunk_ghost_necromancy
D:6:      layout_cave_pools, regret_index_kikubaaqudgha_part_by_part,
          xom_teletrap_fun, okawaru_altar_gauntlet_db
D:7:      dreamdust_elfheim, layout_basic, nicolae_ru_path_of_blood,
          temple_doors_ab, solitary_fountain, solitary_fountain
D:8:      layout_loops_ring, due_lair_maze_entry_diamond
D:9:      layout_loops_corners, uniq_amaemon, uniq_erolcha, uniq_erica
D:10:     minmay_inner_zag, layout_gridville, nicolae_uskayaw_suspiria,
          orc_0_dummy, enter_bailey_2, kennysheep_just_a_vault
D:11:     layout_loops_ring
D:12:     layout_loops_ring
D:13:     layout_long_grid, uniq_josephine, uniq_sonja
D:14:     layout_gridville, hangedman_vaults_entry_quadrant_bands,
          minmay_fountain_box, uniq_azrael
D:15:     grunt_enter_depths_hoard, layout_basic, minmay_misc_feat_nine_boxes,
          uniq_rupert
Lair:1:   layout_roguey [special_room_bee], grunt_megastairs_1
Lair:2:   layout_gridlike, minmay_shoals_entry_beasts, uniq_maggie
Lair:3:   layout_gridlike, guppyfry_snake_entry_garden, nzn_random_ring
Lair:4:   layout_regular_city, minmay_slime_entry_oklob_enclosed,
          nicolae_lair_grazing_beasts [nicolae_sub_lair_graze_edge,
          nicolae_sub_lair_graze_edge, nicolae_sub_lair_graze_edge,
          nicolae_sub_lair_graze_edge], uniq_kirke
Lair:5:   hangedman_lair_in_review, layout_hall_layers, lemuel_fruit_tree
Shoals:1: layout_shoals, nicolae_shop_vocational
Shoals:2: layout_shoals, nicolae_shoals_spectral_cove
Shoals:3: layout_shoals, serial_shops, bzr_firewalk
Shoals:4: shoals_end_grunt_ice, layout_shoals, ebering_ghost_davey_jones,
          uniq_donald, uniq_polyphemus
Snake:1:  layout_misc_corridors, gammafunk_ghost_cemetery
Snake:2:  hangedman_cross_veins, layout_basic
Snake:3:  layout_basic
Snake:4:  johnstein_snake_rune_scales, layout_grid_shapes,
          serial_library_regret_index_double_sided, grunt_ministairs_11
Orc:1:    layout_diamond_mine, ebering_ghost_disaster_area
Orc:2:    st_orc_elflike, layout_caves, uniq_jorgrun
Vaults:1: hangedman_vaults_snaps, ontoclasm_vaults_fault,
          nicolae_vaults_bisected_inception, v_pattern_4, lightli_orcish_oven,
          nicolae_vaults_tetromino_Z_1, nicolae_vaults_little_squares_2,
          nicolae_vaults_network_star, layout_vaults_ring
Vaults:2: nicolae_vaults_yaktaur_gun_rack,
          vaults_standard_mumra_enter_the_diamond,
          nicolae_vaults_taking_the_gang_shopping, vaults_room_grid,
          minmay_orc_keep, sword_in_stone, ontoclasm_vaults_claustrophobia,
          nicolae_vaults_more_shelving_1, nicolae_vaults_trapezoid_layered,
          hangedman_vaults_stretched_pinwheel, hangedman_vaults_trim,
          layout_vaults_chaotic_city, uniq_asterion, uniq_margery, uniq_zenata

Skill      XL: |  1  2  3  4  5  6  7  8  9 10 11 12 13 14 15 16 17 18 19 |
---------------+----------------------------------------------------------+-----
Polearms       | 5 6 7 8 10 12 14 16 20 24 | 24.0
Dodging        | 7 9 13 17 18 21 24 26 | 26.0
Fighting       | 4 9 10 11 13 17 18 19 20 22 | 22.3
Evocations     | 5 9 |  9.0
Throwing       | |  2.0

Action                     |  1- 3 |  4- 6 |  7- 9 | 10-12 | 13-15 | 16-18 | 19-21 || total
---------------------------+-------+-------+-------+-------+-------+-------+-------++-------
  Melee: Trident           |    68 |   255 |   355 |   524 |  2335 |    23 |       ||  3560
         Tailslap          |       |       |    10 |       |    13 |    39 |    12 ||    74
         Halberd           |       |       |   201 |       |       |     4 |       ||   205
         Scimitar          |       |       |       |       |    31 |       |       ||    31
         Glaive            |       |       |       |       |       |   454 |       ||   454
         Bardiche          |       |       |       |       |       |  1142 |   569 ||  1711
  Throw: Dart              |       |       |       |       |     1 |     1 |       ||     2
 Invoke: Call Merchant     |       |       |       |       |       |     7 |       ||     7
  Evoke: Wand              |       |       |       |       |     1 |       |       ||     1
         Condenser vane    |       |       |       |       |       |       |     1 ||     1
    Use: Potion            |       |       |     2 |     1 |       |     5 |     2 ||    10
         Scroll            |       |       |       |     4 |    20 |    10 |     1 ||    35
   Stab: Sleeping          |     3 |       |       |       |       |       |       ||     3
         Distracted        |       |     3 |     5 |     7 |    11 |    14 |     3 ||    43
         Paralysed         |       |       |       |       |     1 |       |       ||     1
 Armour: Leather armour    |    21 |    16 |       |       |       |       |       ||    37
         Chain mail        |       |    85 |   214 |   218 |   959 |       |       ||  1476
         Skin              |       |       |    17 |       |       |       |    77 ||    94
         Swamp dragon scal |       |       |       |       |   142 |   810 |   187 ||  1139
         Plate armour      |       |       |       |       |       |       |    39 ||    39
  Dodge: Dodged            |    23 |   134 |   194 |   144 |  1158 |  1050 |   482 ||  3185
  Block: Buckler           |       |       |    14 |    80 |   494 |     5 |       ||   593

Table legend: (Time is in decaauts)
 A = Elapsed time spent in this place.
 B = Non-inter-level travel time spent in this place.
 C = Inter-level travel time spent in this place.
 D = Time resting spent in this place.
 E = Time spent auto-exploring this place.
 F = Levels seen in this place.
 G = Mean time per level.
                   A        B        C        D        E       F      G
               +--------+--------+--------+--------+--------+-----+--------+
         Total |  31736 |  27643 |   4093 |   1589 |  17505 |  35 |  906.7 |
       Dungeon |  14894 |  12318 |   2576 |    416 |   8646 |  15 |  992.9 |
          Lair |   6077 |   5304 |    773 |    252 |   3162 |   5 | 1215.4 |
        Shoals |   3210 |   3051 |    159 |    287 |   1706 |   4 |  802.5 |
     Snake Pit |   4151 |   3747 |    404 |    332 |   2393 |   4 | 1037.8 |
  Orcish Mines |   1593 |   1487 |    106 |    131 |    781 |   2 |  796.5 |
        Vaults |    862 |    790 |     72 |    168 |    341 |   2 |  431.0 |
        Bazaar |    121 |    121 |      0 |      0 |    113 |   1 |  121.0 |
         Sewer |    439 |    439 |      0 |      0 |    262 |   1 |  439.0 |
        Bailey |    383 |    383 |      0 |      0 |    100 |   1 |  383.0 |
               +--------+--------+--------+--------+--------+-----+--------+

Top non-repeatable levels by time:
    D:14: 1809 daAuts
    D:10: 1387 daAuts
 Snake:4: 1317 daAuts
  Lair:3: 1303 daAuts
  Lair:5: 1300 daAuts
    D:13: 1292 daAuts
 Snake:2: 1220 daAuts
  Lair:1: 1200 daAuts
  Lair:2: 1174 daAuts
    D:15: 1111 daAuts
  Lair:4: 1098 daAuts
     D:9: 997 daAuts
     D:5: 990 daAuts
     D:8: 981 daAuts
    D:11: 909 daAuts
